 Dungeon Crawl Stone Soup version 0.20.1-1-g8b1a95d (webtiles) character file.

3005 Kosschaser the Cleaver (level 9, -6/123 HPs)
             Began as a Hill Orc Berserker on July 4, 2017.
             Was a Priest of Trog.
             Mangled by an orc warrior
             ... wielding a +0 dire flail
              (8 damage)
             ... on level 7 of the Dungeon.
             The game lasted 00:14:33 (6829 turns).

Kosschaser the Cleaver (Hill Orc Berserker)         Turns: 6829, Time: 00:14:34

Health: -6/123     AC: 13    Str: 25    XL:     9   Next: 84%
Magic:  9/9        EV:  9    Int:  7    God:    Trog [***...]
Gold:   473        SH:  0    Dex: 13    Spells: 8/8 levels left

rFire    . . .     SeeInvis +   k - +0 war axe
rCold    . . .     Gourm    .   (no shield)
rNeg     . . .     Faith    .   y - +0 plate armour
rPois    .         Spirit   .   (no helmet)
rElec    .         Reflect  .   (no cloak)
rCorr    .         Harm     .   a - +0 pair of gloves
MR       ++...                  (no boots)
Stlth    ..........             (no amulet)
Regen    1.3/turn               w - ring of see invisible
MPRegen  0.2/turn               (no ring)

@: berserking, regenerating, very quick
A: no striking features
a: Berserk, Trog's Hand, Burn Spellbooks, Renounce Religion


You were on level 7 of the Dungeon.
You worshipped Trog.
Trog was most pleased with you.
You were hungry.

You visited 1 branch of the dungeon, and saw 7 of its levels.

You collected 473 gold pieces.

Inventory:

Hand Weapons
 k - a +0 war axe (weapon)
Armour
 a - a +0 pair of gloves (worn)
 s - a +0 chain mail
 t - a +1 leather armour of cold resistance
 y - a +0 plate armour (worn)
Jewellery
 w - a ring of see invisible (left hand)
Wands
 g - a wand of random effects (16/48)
 x - a wand of lightning (9/15)
Scrolls
 i - 2 scrolls of enchant weapon
 j - 2 scrolls of enchant armour
 l - a scroll of remove curse {unknown}
 m - 2 scrolls of amnesia {unknown}
 r - 5 scrolls of teleportation {unknown}
 v - 3 scrolls of fog
 B - a scroll of magic mapping {unknown}
 C - a scroll of recharging {unknown}
Potions
 b - 3 potions of ambrosia
 d - 2 potions of mutation {unknown}
 e - 3 potions of curing
 h - 3 potions of resistance {unknown}
 n - 2 potions of brilliance {unknown}
 o - a potion of invisibility {unknown}
 q - 2 potions of flight {unknown}
 u - a potion of cancellation {unknown}
 z - 2 potions of agility {unknown}
 A - a potion of magic {unknown}
Comestibles
 c - 4 bread rations
 f - 2 meat rations
 p - 6 fruits


   Skills:
 + Level 8.4 Fighting
 + Level 13.0 Axes
 + Level 5.5 Armour
 + Level 3.9 Dodging


You had 8 spell levels left.
You didn't know any spells.

Dungeon Overview and Level Annotations

Branches:
Dungeon (7/15)             Temple (0/1) D:6

Altars:
Dithmenos
Fedhas
Gozag
Nemelex Xobeh
Qazlal
Ru
Vehumet
Zin
The Shining One

Shops:
D:7 =


Message History

The orc warrior hits you with a dire flail!!
* * * LOW HITPOINT WARNING * * *
You barely miss the orc warrior.
The orc warrior is moderately wounded.
You closely miss the orc warrior.
The orc warrior is moderately wounded.
You feel the effects of Trog's Hand fading.
The orc warrior barely misses you.
You hit the orc warrior.
The orc warrior is heavily wounded.
You hit the orc warrior.
The orc warrior is severely wounded.
The orc warrior hits you with a dire flail!
* * * LOW HITPOINT WARNING * * *
You completely miss the orc warrior.
The orc warrior is severely wounded.
You slash the orc warrior!
The orc warrior is almost dead.
The orc warrior hits you with a dire flail!
You die...

# #.....# #.#
##(## #...# ##.##
#.# #########.#
#..)).)...#
#.##o###.#########
#...ooo@.#
.#.#######


You could see an orc warrior and 3 orcs.

Vanquished Creatures
  Pikel (D:7)
  A hippogriff (D:7)
  Eustachio (D:4)
  A slave (D:7)
  An ice beast (D:7)
  3 orc warriors
  2 ogres (D:6)
  4 centaurs
  5 phantoms
  A scorpion (D:7)
  2 howler monkeys
  A crimson imp (D:6)
  5 hounds
  A jelly (D:7)
  6 orc wizards
  An orc priest (D:3)
  A centaur skeleton (D:6)
  A centaur zombie (D:5)
  6 worker ants
  A killer bee zombie (D:7)
  A hound zombie (D:7)
  6 adders
  A shadow imp (D:5)
  3 oozes
  An adder skeleton (D:4)
  3 worms
  A dart slug (D:2)
  3 leopard geckos
  18 orcs
  9 ball pythons
  4 giant cockroaches
  5 goblins
  4 hobgoblins
  7 jackals
  2 quokkas
  12 bats
  A frilled lizard (D:4)
  5 kobolds
  A quokka skeleton (D:6)
  6 rats
138 creatures vanquished.

Vanquished Creatures (others)
  A bullfrog (D:6)
  A fungus (D:3)
2 creatures vanquished.

Grand Total: 140 creatures vanquished

Notes
Turn   | Place    | Note
-------+----------+-------------------------------------------
     0 | D:1      | Kosschaser the Hill Orc Berserker began the quest for the Orb.
     0 | D:1      | Reached XP level 1. HP: 19/19 MP: 1/1
   202 | D:1      | Reached XP level 2. HP: 20/27 MP: 2/2
   461 | D:1      | Reached XP level 3. HP: 20/33 MP: 3/3
   662 | D:2      | Reached ** piety under Trog
   712 | D:2      | Found a sparkling altar of Nemelex Xobeh.
   866 | D:2      | Reached skill level 5 in Axes
   897 | D:2      | Found a glowing golden altar of the Shining One.
  1211 | D:2      | Reached XP level 4. HP: 40/40 MP: 4/4
  1346 | D:2      | Found a glowing silver altar of Zin.
  1347 | D:2      | Found a radiant altar of Vehumet.
  1837 | D:3      | Found a shadowy altar of Dithmenos.
  1837 | D:3      | Found an opulent altar of Gozag.
  1907 | D:3      | Reached XP level 5. HP: 34/47 MP: 5/5
  1924 | D:3      | HP: 1/70 [orc wizard/dagger of holy wrath (4)]
  1928 | D:3      | Reached skill level 6 in Axes
  2673 | D:4      | Noticed a phantom
  2727 | D:4      | Killed a phantom
  2727 | D:4      | Reached skill level 5 in Fighting
  2727 | D:4      | Reached XP level 6. HP: 18/56 MP: 6/6
  2741 | D:4      | Paralysed by fainting for 5 turns
  2749 | D:4      | Reached skill level 7 in Axes
  3027 | D:4      | Noticed Eustachio
  3051 | D:4      | Killed Eustachio
  3051 | D:4      | Reached XP level 7. HP: 26/61 MP: 7/7
  3307 | D:4      | Reached skill level 8 in Axes
  3776 | D:5      | Entered Level 5 of the Dungeon
  3936 | D:5      | Found a stormy altar of Qazlal.
  4009 | D:5      | Reached skill level 9 in Axes
  4009 | D:5      | Reached XP level 8. HP: 49/70 MP: 8/8
  4569 | D:6      | Reached skill level 10 in Axes
  4605 | D:6      | Reached *** piety under Trog
  4673 | D:6      | Found a staircase to the Ecumenical Temple.
  5122 | D:6      | Reached skill level 11 in Axes
  5770 | D:6      | Reached XP level 9. HP: 79/79 MP: 9/9
  6368 | D:7      | Reached skill level 12 in Axes
  6401 | D:7      | Reached skill level 5 in Armour
  6405 | D:7      | Found Gaecsyta's Jewellery Shoppe.
  6453 | D:7      | Noticed Pikel
  6488 | D:7      | Killed Pikel
  6699 | D:7      | Found a sacrificial altar of Ru.
  6704 | D:7      | Reached skill level 13 in Axes
  6705 | D:7      | Found a blossoming altar of Fedhas.
  6827 | D:7      | HP: 1/123 [orc warrior/dire flail (11)]
  6829 | D:7      | Mangled by an orc warrior

Skill      XL: |  1  2  3  4  5  6  7  8  9 |
---------------+----------------------------+-----
Fighting       | 4 5 6 7 8 |  8.4
Axes           | 5 6 7 9 11 13 | 13.0
Dodging        | 2 3 |  3.9
Armour         | 3 4 5 |  5.5

Action                   |  1- 3 |  4- 6 |  7- 9 || total
-------------------------+-------+-------+-------++-------
Melee: Hand axe          |    69 |       |       ||    69
       War axe           |    15 |   148 |   314 ||   477
Invok: Burn Spellbooks   |       |     2 |       ||     2
       Berserk           |       |     2 |     4 ||     6
       Trog's Hand       |       |     2 |     1 ||     3
  Use: Scroll            |       |       |     5 ||     5
  Eat: Chunk             |     1 |     4 |     9 ||    14
       Fruit             |       |     1 |       ||     1
       Meat ration       |       |     1 |     1 ||     2
Armor: Animal skin       |    17 |    11 |       ||    28
       Leather armour    |       |    21 |    35 ||    56
       Chain mail        |       |     4 |       ||     4
       Plate armour      |       |       |    89 ||    89
Dodge: Dodged            |    80 |   100 |   137 ||   317
